 Dungeon Crawl Stone Soup version 0.31-a0-18-gea43df2a32 (webtiles) character file.

Game seed: 12431363624707032154

127 Juicyj the Trooper (level 4, -1/41 HPs)
             Began as a Minotaur Fighter on May 9, 2023.
             Was a Believer of Wu Jian.
             Slain by a kobold brigand
             ... wielding a +0 whip
              (4 damage)
             ... in a sewer.
             The game lasted 00:03:45 (1666 turns).

Juicyj the Trooper (Minotaur Fighter)               Turns: 1666, Time: 00:03:45

Health: -1/41      AC: 10    Str: 22    XL:     4   Next: 85%
Magic:  3/3        EV:  9    Int:  5    God:    Wu Jian [**....]
Gold:   118        SH:  4    Dex: 10    Spells: 3/3 levels left

rFire   + . .        a - +0 war axe
rCold   . . .        c - +0 buckler
rNeg    . . .        b - +0 scale mail
rPois   .            (helmet restricted)
rElec   .            (no cloak)
rCorr   .            k - +2 pair of gloves
SInv    .            (no boots)
Will    +....        (no amulet) Stlth
                     l - ring of willpower
HPRegen 0.26/turn    o - ring of protection from fire
MPRegen 0.08/turn

%: no passive effects
@: very slow
A: horns 2, retaliatory headbutt
a: Renounce Religion, Wall Jump


You were in a sewer.
You worshipped Wu Jian.
Wu Jian was pleased with you.
You visited 1 branch of the dungeon, and saw 3 of its levels.
You also visited: Sewer.

You collected 118 gold pieces.

Inventory:

Hand Weapons
 a - a +0 war axe (weapon)
Missiles
 i - 4 poisoned darts (quivered)
 n - 8 javelins
Armour
 b - a +0 scale mail (worn)
 c - a +0 buckler (worn)
 k - a +2 pair of gloves (worn)
Jewellery
 l - a ring of willpower (left hand)
 o - a ring of protection from fire (right hand)
Scrolls
 e - a scroll of butterflies {unknown}
 f - 2 scrolls of identify {unknown}
 g - a scroll of teleportation {unknown}
 j - a scroll of immolation {unknown}
 q - a scroll of magic mapping {unknown}
 r - a scroll of enchant armour {unknown}
 s - a scroll of blinking {unknown}
 t - a scroll of amnesia {unknown}
Potions
 d - a potion of might
 h - a potion of ambrosia {unknown}
 m - a potion of curing {unknown}
 p - 2 potions of brilliance {unknown}


   Skills:
 + Level 4.6 Fighting
 + Level 3.6 Axes
 + Level 4.5 Armour
 + Level 4.6 Shields


You had 3 spell levels left.
You didn't know any spells.
Your spell library contained the following spells:

 Spells                   Type           Power      Damage    Failure   Level
 Volatile Blastmotes      Fire/Tloc      0%         2d10      99%         3
 Fulminant Prism          Conj/Hex       0%         3d5       100%        4
 Iskenderun's Mystic Bla  Conj/Tloc      0%         2d3       100%        4
 Alistair's Intoxication  Tmut/Pois      0%         N/A       100%        5
 Borgnjor's Vile Clutch   Necr/Erth      0%         N/A       100%        5
 Lee's Rapid Deconstruct  Erth           0%         3d4*      100%        5
 Eringya's Noxious Bog    Tmut/Pois      0%         N/A       100%        6


Dungeon Overview and Level Annotations

Branches:
Dungeon (3/15)              Sewer (1/1)

Altars:
Elyvilon
Makhleb
Wu Jian

Shops:
D:1 :   D:2 (


Innate Abilities, Weirdness & Mutations

You have a pair of horns on your head.
You reflexively headbutt those who attack you in melee.


Message History

You miss the kobold.
You feel sick.
You are no longer poisoned.
The kobold hits you but does no damage.
The kobold brigand hits you but does no damage.
The kobold splashes around in the water.
Your unstable footing causes you to fumble your attack.
The kobold brigand hits you with a +0 whip.
The kobold hits you but does no damage.
The kobold hits you with a +2 short sword of speed.
Your unstable footing causes you to fumble your attack.
The kobold brigand hits you with a +0 whip.
The kobold hits you but does no damage.
The kobold brigand hits you with a +0 whip.
You are too injured to fight recklessly!
You are too injured to fight recklessly!
Your unstable footing causes you to fumble your attack.
The kobold hits you but does no damage. You block the kobold's attack.
The kobold brigand hits you with a +0 whip.
You barely miss the kobold brigand. You slash the kobold!
You kill the kobold!
The Council accepts your kill.
You hear a splash. x2
The kobold brigand hits you with a +0 whip.
* * * LOW HITPOINT WARNING * * *
Your unstable footing causes you to fumble your attack.
The kobold brigand hits you with a +0 whip!
* * * LOW HITPOINT WARNING * * *
The kobold brigand hits you but does no damage.
Your unstable footing causes you to fumble your attack.
The kobold brigand closely misses you. You furiously retaliate!
You headbutt the kobold brigand! You closely miss the kobold brigand.
Your headbutt misses the kobold brigand.
The kobold brigand is heavily wounded.
The kobold brigand hits you with a +0 whip.
* * * LOW HITPOINT WARNING * * *
Your unstable footing causes you to fumble your attack.
The kobold brigand barely misses you.
The kobold brigand hits you with a +0 whip.
You die...

#~# #~# #~# #~# #~# #~#
#########~##
#..K)~..~~.#######
#~~)@~~.~~.~.....####
#~~≈≈≈~~~~~~~≈~~~~≈≈≈
.....~≈≈≈≈≈≈≈≈≈≈≈≈≈≈≈≈≈≈
...#.~≈≈≈h~~~~~~~~~~~~≈≈
.. #..~~~~~.~.~.....####
# #..~.......###.###
############ #∩# ###


You could see a kobold brigand and a jackal.

Vanquished Creatures
  A hound (D:2)
  An adder (D:3)
  2 river rats
  2 worms (D:3)
  A dart slug (D:1)
  4 bats
  5 endoplasms
  4 giant cockroaches
  5 hobgoblins (D:1)
  8 jackals
  4 quokkas
  5 ball pythons
  4 frilled lizards
  4 goblins
  6 kobolds
  8 rats
64 creatures vanquished.

Notes
Turn   | Place    | Note
-------+----------+-------------------------------------------
     0 | D:1      | Juicyj the Minotaur Fighter began the quest for the Orb.
     0 | D:1      | Reached XP level 1. HP: 19/19 MP: 0/0
   121 | D:1      | Reached XP level 2. HP: 27/27 MP: 1/1
   304 | D:1      | Found a faded altar of an unknown god.
   350 | D:1      | Prayed at the altar of an unknown god.
   350 | D:1      | Became a worshipper of the Wu Jian Council
   350 | D:1      | Reached * piety under Wu Jian
   364 | D:1      | Reached XP level 3. HP: 33/33 MP: 2/2
   440 | D:1      | Found Dezxexolo's Vocational Training.
  1005 | D:2      | Found Peoduest's Weapon Shop.
  1007 | D:2      | Reached XP level 4. HP: 41/41 MP: 3/3
  1184 | D:2      | Found a burning altar of Makhleb.
  1291 | D:2      | Reached ** piety under Wu Jian
  1532 | D:3      | Found a white marble altar of Elyvilon.
  1576 | D:3      | Found a glowing drain.
  1588 | Sewer    | Entered a sewer
  1651 | Sewer    | Noticed a kobold brigand
  1665 | Sewer    | HP: 2/41 [kobold brigand/+0 whip (3)]
  1666 | Sewer    | Slain by a kobold brigand

Illustrated notes

Levels and vault maps discovered:
D:1:      tekkud_arrival_beachfront_property, layout_loops_ring,
          chequers_ecumenical_altar_island, nicolae_shop_vocational
D:2:      layout_loops_ring, basic_altar, serial_shops, shop
D:3:      layout_loops_ring, mainiacjoe_overflow_large_starburst,
          gup_sewer_entry_bubbles, chequers_serial_rivers_micro_e, st_stairs_12,
          minmay_misc_feat_encased
Sewer:    sewer_kobolds

Skill      XL: |  1  2 |
---------------+-------+-----
Fighting       | 4 |  4.6
Armour         | 4 |  4.5
Shields        | 4 |  4.6
Axes           | 3 |  3.6

Action                     |  1- 3 |  4- 6 || total
---------------------------+-------+-------++-------
  Melee: War axe           |    88 |    75 ||   163
         Headbutt          |     9 |     9 ||    18
Ability: Lunge             |     4 |     9 ||    13
 Armour: Scale mail        |    50 |    26 ||    76
  Dodge: Dodged            |    52 |    31 ||    83
  Block: Buckler           |    23 |    12 ||    35

Table legend: (Time is in decaauts)
 A = Elapsed time spent in this place.
 B = Non-inter-level travel time spent in this place.
 C = Inter-level travel time spent in this place.
 D = Time resting spent in this place.
 E = Time spent auto-exploring this place.
 F = Levels seen in this place.
 G = Mean time per level.
                   A        B        C        D        E       F      G
               +--------+--------+--------+--------+--------+-----+--------+
         Total |   1767 |   1741 |     26 |      0 |   1263 |   4 |  441.8 |
       Dungeon |   1666 |   1640 |     26 |      0 |   1198 |   3 |  555.3 |
         Sewer |    100 |    100 |      0 |      0 |     64 |   1 |  100.0 |
               +--------+--------+--------+--------+--------+-----+--------+

Top non-repeatable levels by time:
     D:1: 870 daAuts
     D:2: 636 daAuts
     D:3: 159 daAuts
   Sewer: 100 daAuts
